AoeStats
← FABRIZZIO

Hideout

510274309Analyzed
1v1 RM · 23h ago on Sep 30, 2026· 37m 39s· 2 players
Game mode
Random Map
Map size
Tiny (2 player)
Population
200
Speed
Normal
Resources
Standard
Victory
Conquest
Starting age
Dark Age
Ending age
Imperial Age
RankedLock teamsTeams togetherTeam positionsShared explorationLock speedFull tech treeHidden civsTurbo modeCheats
Victory
Defeat
🇦🇷 Vikings · Argentina
1243
+18
🇨🇳 Spanish · China
1277
-18
FABRIZZIO
7:40 Loom
9:26 Feudal Age
12:49 Double-Bit Axe
14:05 Fletching
22:05 Castle Age
22:23 Scale Mail Armor
22:43 Bodkin Arrow
23:00 Bow Saw
23:04 Crossbowman
27:11 Ballistics
30:58 Padded Archer Armor
33:29 Imperial Age
31:54 Leather Archer Armor
34:26 Bracer
35:29 Chemistry
35:40 Arbalester
FEI123
10:16 Feudal Age
12:45 Fletching
16:25 Castle Age
16:08 Stone Mining
16:05 Horse Collar
16:51 Loom
23:50 Bodkin Arrow
27:29 Scale Barding Armor
27:35 Forging
28:30 Chain Barding Armor
28:58 Double-Bit Axe
29:09 Gold Mining
31:39 Bloodlines
32:10 Iron Casting
31:38 Husbandry
39:14 Imperial Age
Connection lost

Rejoining the realm…

Still unreachable

The connection could not be restored.

Session expired

The server has moved on; the page needs a fresh start.